 Dungeon Crawl Stone Soup version 0.28.0-53-g5a82cb258f (webtiles) character file.

Game seed: 13274632982854506812

58 Descartes the Sneak (level 4, -2/31 HPs)
             Began as an Octopode Monk on June 16, 2022.
             Was a Priest of Cheibriados.
             Slain by a goblin
             ... wielding a +0 dagger
             ... led by Robin
              (4 damage)
             ... on level 2 of the Dungeon.
             The game lasted 00:01:16 (824 turns).

Descartes the Sneak (Octopode Monk)                  Turns: 824, Time: 00:01:17

Health: -2/31      AC:  1    Str: 18    XL:     4   Next: 1%
Magic:  4/4        EV: 15    Int: 18    God:    Cheibriados [***...]
Gold:   37         SH:  0    Dex: 20    Spells: 3/3 levels left

rFire   . . .      SeeInvis .   a - +0 short sword
rCold   . . .      Faith    .   (no shield)
rNeg    . . .      Spirit   .   (helmet restricted)
rPois   .          Reflect  .   (no amulet)
rElec   .          Harm     .   (no ring)
rCorr   .          Rampage  .   (no ring)
Will    .....                   (no ring)
Stlth   ++++......              (no ring)
HPRegen 0.10/turn               (no ring)
MPRegen 0.09/turn               (no ring)
                                (no ring)
                                (no ring)

@: very slow
A: almost no armour, amphibious, 8 rings, camouflage 1, gelatinous body 1,
(nimble swimmer 1), tentacles
a: Renounce Religion, Bend Time, Temporal Distortion


You were on level 2 of the Dungeon.
You worshipped Cheibriados.
Cheibriados was most pleased with you.
You visited 1 branch of the dungeon, and saw 2 of its levels.

You collected 37 gold pieces.

Inventory:

Hand Weapons
 a - a +0 short sword (weapon)
Missiles
 i - 89 stones (quivered)
Jewellery
 e - a ring of ice
Scrolls
 b - a scroll of noise {unknown}
 c - a scroll of teleportation {unknown}
 d - a scroll of enchant weapon {unknown}
 f - a scroll of blinking {unknown}
 g - a scroll of enchant armour {unknown}
 h - a scroll of vulnerability {unknown}
Potions
 j - a potion of degeneration {unknown}


   Skills:
 + Level 3.5 Fighting
 + Level 3.4 Short Blades
 + Level 3.4 Dodging
 + Level 3.7 Stealth


You had 3 spell levels left.
You didn't know any spells.
Your spell library was empty.

Dungeon Overview and Level Annotations

Branches:
Dungeon (2/15)

Altars:
Cheibriados


Innate Abilities, Weirdness & Mutations

You cannot wear most types of armour.
You are amphibious.
You can wear up to eight rings at the same time.
Your skin changes colour to match your surroundings (Stealth+).
Your rubbery body absorbs attacks. (AC +1, EV +1)
((You are camouflaged when in or above water. (Stealth+)))
You have tentacles for arms and can constrict up to eight enemies at once.


Message History

Cheibriados appreciates the change of pace.
The goblin no longer looks unusually strong.
The goblin hits you with a +0 dagger.
* * * LOW HITPOINT WARNING * * *
Robin closely misses you.
You hit Robin. You grab Robin.
You tentacle-slap Robin, but do no damage.
Robin is lightly wounded.
You constrict Robin, but do no damage. Robin barely misses you.
You hit Robin.
Robin is moderately wounded.
You constrict Robin, but do no damage.
Robin roars a battlecry!
The goblin goes into a battle-frenzy!
You hit Robin but do no damage.
Robin is moderately wounded.
You constrict Robin.
A goblin comes into view. It is wielding a +0 dagger.
Robin closely misses you.
You hit Robin but do no damage. You squeeze Robin.
Robin is severely wounded.
You constrict Robin.
Robin roars a battlecry!
The goblin goes into a battle-frenzy!
You hear a shout!
You hit Robin.
You kill Robin!
Cheibriados appreciates the change of pace.
You have reached level 4!
You hit the goblin but do no damage. You grab the goblin.
You constrict the goblin. The goblin hits you with a +0 dagger.
* * * LOW HITPOINT WARNING * * *
The goblin closely misses you.
Unknown command.
You closely miss the goblin. Your grab misses the goblin.
You constrict the goblin.
You kill the goblin!
Cheibriados thoroughly appreciates the change of pace.
The goblin hits you with a +0 dagger.
You die...

########## #_....÷÷8#
#........# #..÷.÷..8#
#.....÷..########
#.......8.......#
#.#########gg.8.8.######.#
#........#g#..###...# #†#
#..†..@#).g.#.###.# #.#
#.##.)###g#..#...#.##.#
....## ##g.#.###.#.#..
#...## ##)#.# #.... #.##
#..#.# #.### ... #....#.
#.# ### #..#.#.# #..
#g.##.##...# #.# #.# ###


You could see 3 goblins.

Vanquished Creatures
  Robin (D:2)
  2 adders (D:2)
  3 endoplasms (D:1)
  A giant cockroach (D:1)
  5 goblins
  5 hobgoblins
  3 kobolds
  A ball python (D:2)
  3 bats (D:1)
  4 frilled lizards (D:1)
  3 rats
31 creatures vanquished.

Notes
Turn   | Place    | Note
-------+----------+-------------------------------------------
     0 | D:1      | Descartes the Octopode Monk began the quest for the Orb.
     0 | D:1      | Reached XP level 1. HP: 16/16 MP: 1/1
   253 | D:1      | Reached XP level 2. HP: 21/21 MP: 2/2
   635 | D:2      | Found a faded altar of an unknown god.
   651 | D:2      | Reached XP level 3. HP: 26/26 MP: 3/3
   664 | D:2      | Prayed at the altar of an unknown god.
   664 | D:2      | Became a worshipper of Cheibriados the Contemplative
   664 | D:2      | Reached * piety under Cheibriados
   664 | D:2      | Reached ** piety under Cheibriados
   803 | D:2      | Noticed Robin
   813 | D:2      | Reached *** piety under Cheibriados
   822 | D:2      | Killed Robin
   823 | D:2      | Reached XP level 4. HP: 4/31 MP: 4/4
   824 | D:2      | Slain by a goblin

Illustrated notes

Levels and vault maps discovered:
D:1:      dpeg_arrival_shrine, layout_basic, lemuel_old_faithful
D:2:      layout_loops_ring, shapermc_ecumenical_altar_pompeii, uniq_robin

Skill      XL: |  1 |
---------------+----+-----
Stealth        | 3 |  3.7
Fighting       | |  3.5
Short Blades   | |  3.4
Dodging        | |  3.4

Action                   |  1- 3 |  4- 6 || total
-------------------------+-------+-------++-------
Melee: Short sword       |    52 |     2 ||    54
       Tentacles         |    10 |       ||    10
       Constrict         |    12 |     1 ||    13
       Punch             |     1 |       ||     1
 Stab: Sleeping          |    12 |       ||    12
Armor: Skin              |     1 |       ||     1
Dodge: Dodged            |    24 |     1 ||    25
